 Dungeon Crawl Stone Soup version 0.22.1-6-g1668fe2c40 (webtiles) character file.

4217 Peloso the Carver (level 10, -2/88 HPs)
             Began as a Minotaur Fighter on Jan 20, 2019.
             Was a Follower of Okawaru.
             Slain by Erica
             ... wielding a +3 scimitar of flaming
              (4 damage)
             ... on level 8 of the Dungeon.
             The game lasted 00:13:29 (6397 turns).

Peloso the Carver (Minotaur Fighter)                Turns: 6397, Time: 00:13:30

Health: -2/88      AC: 15    Str: 22    XL:     10   Next: 9%
Magic:  9/9        EV:  8    Int:  5    God:    Okawaru [*.....]
Gold:   431        SH: 12    Dex: 12    Spells: 9/9 levels left

rFire    . . .     SeeInvis .   a - +6 falchion
rCold    . . .     Gourm    .   c - +0 shield
rNeg     . . .     Faith    .   h - +0 chain mail
rPois    .         Spirit   .   (helmet restricted)
rElec    .         Reflect  .   o - +0 cloak
rCorr    .         Harm     .   p - +0 pair of gloves
MR       .....                  A - +0 pair of boots
Stlth    ..........             (no amulet)
HPRegen  0.24/turn              (no ring)
MPRegen  0.11/turn              (no ring)

@: lethally poisoned (-2 -> -9), slowed, very slow
A: retaliatory headbutt, horns 2
a: Heroism, Renounce Religion


You were on level 8 of the Dungeon.
You worshipped Okawaru.
Okawaru was aware of your devotion.
You were hungry.

You visited 2 branches of the dungeon, and saw 9 of its levels.

You collected 431 gold pieces.

Inventory:

Hand Weapons
 a - a +6 falchion (weapon)
Armour
 b - a +0 scale mail
 c - a +0 shield (worn)
 h - a +0 chain mail (worn)
 o - a +0 cloak (worn)
 p - a +0 pair of gloves (worn)
 A - a +0 pair of boots (worn)
Wands
 n - a wand of polymorph (8)
 s - a wand of acid (7)
Scrolls
 e - 8 scrolls of remove curse
 m - 2 scrolls of teleportation
 v - a scroll of amnesia
 B - 2 scrolls of magic mapping
Potions
 d - a potion of might
 g - 7 potions of curing
 j - 2 potions of agility
 k - a potion of heal wounds
 l - 3 potions of resistance
 t - a potion of mutation
 w - a potion of haste
 x - a potion of brilliance {unknown}
 z - 2 potions of degeneration {unknown}
 C - a potion of magic {unknown}
Comestibles
 f - 12 rations
 i - 5 chunks of flesh


   Skills:
 + Level 7.7 Fighting
 + Level 10.1 Long Blades
 + Level 8.7 Armour
 + Level 3.5 Dodging
 + Level 1.4 Stealth
 + Level 9.5 Shields


You had 9 spell levels left.
You didn't know any spells.
Your spell library contained the following spells:

 Spells                   Type           Power        Failure   Level  Hunger
 Animate Skeleton         Necr           N/A          100%        1    ##.....
 Apportation              Tloc           #.....       100%        1    ##.....
 Confusing Touch          Hex            #.....       100%        1    ##.....
 Summon Small Mammal      Summ           #...         100%        1    ##.....


Dungeon Overview and Level Annotations

Branches:
Dungeon (8/15)             Temple (1/1) D:7
   Lair: D:8-11

Altars:
Ashenzari
Cheibriados
Dithmenos
Elyvilon
Fedhas
Gozag
Hepliaklqana
Kikubaaqudgha
Makhleb
Nemelex Xobeh
Okawaru
Qazlal
Ru
Sif Muna
Trog
Uskayaw
Vehumet
Wu Jian
Xom
Yredelemnul
Zin
The Shining One

Shops:
D:7 =

Annotations:
D:8 Erica


Innate Abilities, Weirdness & Mutations

You reflexively headbutt those who attack you in melee.
You have a pair of horns on your head.


Message History

Something hits you but does no damage. The orc hits you but does no damage.
You hear some strange, mumbled words.
A bolt of poison appears from out of thin air!
The bolt of poison hits you!
You are poisoned.
The bolt of poison hits the orc.
The orc is poisoned.
The orc dies!
You slash something! Your headbutt misses something.
You feel sick. You block something's attack. You block the orc's attack.
You hear some strange, mumbled words.
An orb of energy appears from out of thin air!
The orb of energy hits you!
* * * LOW HITPOINT WARNING * * *
You hear some strange, mumbled words.
A puff of flame appears from out of thin air!
You block the puff of flame.
You closely miss something. Your headbutt misses something.
* * * LOW HITPOINT WARNING * * *
You feel sick. The orc hits you but does no damage. Something hits you.
You die...

#....##
##....##
###...# ####
##.## ...## #.#
...# #.# ##..#
#.# ###..{#
#.##
#...o@####..#
#...##.){.#...#
. ##.......#
#........#
#..##.....#
..o.# #..##.#
o.o.# #..##.#
.... #..##.#
... #..# .#


You could see an orc.

Vanquished Creatures
  A two-headed ogre (D:8)
  Joseph (D:7)
  Grinder (D:5)
  Prince Ribbit (D:7)
  Menkaure (D:7)
  2 ice beasts (D:5)
  A black bear (D:5)
  3 sky beasts
  2 orc warriors
  2 phantoms (D:4)
  2 centaurs (D:5)
  A big kobold (D:5)
  2 bullfrogs
  5 scorpions
  12 wights
  A hound (D:7)
  A jelly (D:7)
  4 orc priests
  3 orc wizards
  Crazy Yiuf (D:2)
  A centaur skeleton (D:6)
  2 iguanas
  Terence (D:2)
  A worker ant (D:7)
  Natasha (thrice) (D:2)
  3 hound skeletons
  A hound zombie (D:5)
  A gnoll (D:1)
  5 adders
  A shadow imp (D:5)
  An adder skeleton (D:7)
  3 worms
  2 dart slugs
  7 leopard geckos
  13 orcs
  6 giant cockroaches
  9 goblins
  8 hobgoblins
  5 quokkas
  3 ball pythons
  7 bats
  4 frilled lizards
  12 kobolds
  A leopard gecko skeleton (D:5)
  6 rats
153 creatures vanquished.

Vanquished Creatures (others)
  An orc (D:8)
1 creature vanquished.

Grand Total: 154 creatures vanquished

Notes
Turn   | Place    | Note
-------+----------+-------------------------------------------
     0 | D:1      | Peloso the Minotaur Fighter began the quest for the Orb.
     0 | D:1      | Reached XP level 1. HP: 19/19 MP: 0/0
   103 | D:1      | Reached XP level 2. HP: 18/27 MP: 1/1
   551 | D:1      | Reached XP level 3. HP: 25/33 MP: 2/2
   666 | D:1      | Reached skill level 3 in Long Blades
   754 | D:2      | Noticed Natasha
   758 | D:2      | Killed Natasha
   758 | D:2      | Reached XP level 4. HP: 40/40 MP: 3/3
   781 | D:2      | Found a blossoming altar of Fedhas.
   881 | D:2      | Found a faded altar of an unknown god.
   905 | D:2      | Noticed Terence
   926 | D:2      | Killed Terence
   958 | D:2      | Noticed Natasha
   972 | D:2      | Killed Natasha
  1348 | D:2      | Found a runed door.
  1435 | D:2      | Noticed Natasha
  1450 | D:2      | Killed Natasha
  1450 | D:2      | Reached skill level 4 in Long Blades
  1450 | D:2      | Reached XP level 5. HP: 45/47 MP: 4/4
  1546 | D:2      | Noticed Crazy Yiuf
  1551 | D:2      | Killed Crazy Yiuf
  1551 | D:2      | Reached skill level 5 in Armour
  2018 | D:4      | Reached skill level 1 in Dodging
  2030 | D:4      | Noticed a phantom
  2043 | D:4      | Killed a phantom
  2043 | D:4      | Reached XP level 6. HP: 51/53 MP: 5/5
  2097 | D:4      | Reached skill level 5 in Long Blades
  2097 | D:4      | Reached skill level 5 in Shields
  2487 | D:4      | Reached skill level 5 in Fighting
  2522 | D:4      | Reached XP level 7. HP: 61/61 MP: 6/6
  2693 | D:5      | Entered Level 5 of the Dungeon
  2721 | D:5      | Reached skill level 6 in Long Blades
  3361 | D:5      | Reached XP level 8. HP: 53/69 MP: 7/7
  3741 | D:5      | Noticed Grinder
  3751 | D:5      | Paralysed by Grinder for 5 turns
  3757 | D:5      | Paralysed by Grinder for 3 turns
  3763 | D:5      | Killed Grinder
  3763 | D:5      | Reached skill level 7 in Long Blades
  4369 | D:6      | Reached skill level 1 in Stealth
  4478 | D:6      | Found an opulent altar of Gozag.
  4855 | D:6      | Reached XP level 9. HP: 71/78 MP: 8/8
  4886 | D:6      | Reached skill level 8 in Long Blades
  5259 | D:7      | Found Deika Ase's Jewellery Boutique.
  5279 | D:7      | Noticed Prince Ribbit
  5308 | D:7      | Killed Prince Ribbit
  5368 | D:7      | Noticed Menkaure
  5375 | D:7      | Killed Menkaure
  5376 | D:7      | Noticed Joseph
  5390 | D:7      | Killed Joseph
  5421 | D:7      | Found a staircase to the Ecumenical Temple.
  5567 | Temple   | Entered the Ecumenical Temple
  5680 | Temple   | Became a worshipper of Warmaster Okawaru
  5781 | D:7      | Reached skill level 9 in Long Blades
  6281 | D:8      | Noticed a two-headed ogre
  6295 | D:8      | Reached * piety under Okawaru
  6299 | D:8      | Killed a two-headed ogre
  6299 | D:8      | Reached skill level 10 in Long Blades
  6299 | D:8      | Reached XP level 10. HP: 62/88 MP: 9/9
  6383 | D:8      | Noticed Erica
  6396 | D:8      | HP: 3/88 [something/orb of energy (29)]
  6397 | D:8      | Slain by Erica

Skill      XL: |  1  2  3  4  5  6  7  8  9 |
---------------+----------------------------+-----
Armour         | 4 5 6 7 8 |  8.7
Fighting       | 4 5 6 7 |  7.7
Shields        | 4 5 6 8 9 |  9.5
Long Blades    | 3 4 5 6 7 10 | 10.1
Dodging        | 1 2 3 |  3.5
Stealth        | 1 |  1.4

Action                   |  1- 3 |  4- 6 |  7- 9 | 10-12 || total
-------------------------+-------+-------+-------+-------++-------
Melee: Long sword        |    75 |   175 |   279 |       ||   529
       Headbutt          |    12 |    34 |    74 |     3 ||   123
       Falchion          |       |       |    29 |    21 ||    50
Evoke: Wand              |       |       |     1 |       ||     1
  Use: Scroll            |       |       |    12 |       ||    12
       Potion            |       |       |     1 |       ||     1
  Eat: Chunk             |       |     5 |    13 |       ||    18
Armor: Scale mail        |    23 |       |       |       ||    23
       Chain mail        |    24 |    87 |   165 |    10 ||   286
Dodge: Dodged            |    21 |    26 |    88 |     6 ||   141
Block: Shield            |    47 |    85 |   197 |    11 ||   340
       Rpst.: Long sword |     4 |     7 |    20 |       ||    31
       Falchion          |       |       |     3 |       ||     3
